 Dungeon Crawl Stone Soup version 0.20-a0-1122-gb7cbeb9 (webtiles) character file.

135 Gridlocked the Sneak (level 5, -7/31 HPs)
             Began as a Halfling Enchanter on May 11, 2017.
             Killed by divine providence
             ... invoked by an orc priest
              (13 damage)
             ... on level 3 of the Dungeon.
             The game lasted 00:19:23 (3841 turns).

Gridlocked the Sneak (Halfling Enchanter)           Turns: 3841, Time: 00:19:23

Health: -7/31      AC: 10    Str:  9    XL:     5   Next: 41%
Magic:  7/7        EV: 14    Int: 13    God:
Gold:   101        SH:  5    Dex: 16    Spells: 6/7 levels left

rFire    . . .     SeeInvis .   a - +1 dagger
rCold    + . .     Gourm    .   k - +1 buckler {AC+3}
rNeg     . . .     Faith    .   q - +0 robe
rPois    .         Spirit   .   f - +0 helmet
rElec    .         Reflect  .   e - +0 cloak
rCorr    .         Harm     .   n - +2 pair of gloves
MR       .....                  (no boots)
Stlth    +++.......             (no amulet)
Regen    0.1/turn               y - ring of protection from cold
MPRegen  0.1/turn               (no ring)

@: no status effects
A: mutation resistance 1
a: no special abilities


You were on level 3 of the Dungeon.
You were hungry.

You visited 1 branch of the dungeon, and saw 4 of its levels.

You collected 101 gold pieces.

Inventory:

Hand Weapons
 a - a +1 dagger (weapon)
 b - a +1 hunting sling of freezing
Missiles
 o - 75 stones (quivered)
Armour
 e - a +0 cloak (worn)
 f - a +0 helmet (worn)
 k - a +1 buckler of protection (worn)
 n - a +2 pair of gloves (worn)
 q - a +0 robe (worn)
Jewellery
 y - a ring of protection from cold (left hand)
Wands
 x - a wand of lightning (7/15)
Scrolls
 g - a scroll of blinking {unknown}
 j - 2 scrolls of remove curse
 l - a scroll of teleportation {unknown}
 p - a scroll of amnesia {unknown}
 r - 3 scrolls of random uselessness {unknown}
 s - 5 scrolls of enchant armour
 t - a scroll of fear {unknown}
 w - a scroll of magic mapping {unknown}
Potions
 h - a potion of lignification
 i - a potion of curing {unknown}
 m - a potion of agility {unknown}
 u - a potion of invisibility {unknown}
Books
 c - a book of Maledictions

   Spells                             Type                      Level
   a - Corona                         Hexes                        1
   b - Ensorcelled Hibernation        Hexes/Ice                    2
   c - Confuse                        Hexes                        3
   d - Tukima's Dance                 Hexes                        3
   e - Dazzling Spray                 Conjuration/Hexes            3
Comestibles
 d - a bread ration
 v - a chunk of flesh


   Skills:
 + Level 3.4 Short Blades
 - Level 2.1 Dodging
 + Level 4.7 Stealth
 - Level 1.5 Spellcasting
 + Level 3.2 Hexes


You had 6 spell levels left.
You knew the following spells:

 Your Spells              Type           Power        Failure   Level  Hunger
a - Corona                Hex            #......      12%         1    ##.....


Dungeon Overview and Level Annotations

Branches:
Dungeon (4/15)
 Temple: D:4-7

Altars:
Elyvilon
Okawaru


Innate Abilities, Weirdness & Mutations

You are small and have problems with some larger weapons.
You are somewhat resistant to further mutation.


Message History

The orc is lightly wounded.
Things that are here:
a hand axe; a leather armour; a flail
Items here: ))) [[ a whip; a leather armour; a falchion; a chain mail; a short sword The orc hits you but does no damage.
You hit the orc.
The orc is lightly wounded.
The orc hits you but does no damage.
You hit the orc.
The orc is heavily wounded.
The orc priest invokes the aid of Beogh against you.
Beogh smites you!
* * * LOW HITPOINT WARNING * * *
The orc closely misses you.
You hit the orc.
The orc is severely wounded.
The orc priest mumbles some strange prayers to Beogh against you.
Beogh smites you!
You die...

#...# #.#..#.# ....
#.#..#.# #.#....#
#)##.### #.##.#
#.##.# #.#..#
#######)#..#
#..@oo..#.###
#.#######...# #.#
###.# #.# #.#
#.#########.#
#.##.....<#.#
#######)##.######.#
..................#
#######.##.########


You could see an orc priest and an orc.

Vanquished Creatures
  An orc wizard (D:3)
  2 oozes
  3 worms
  4 dart slugs
  10 orcs
  A ball python (D:3)
  6 bats
  6 giant cockroaches
  5 hobgoblins
  7 jackals
  A quokka (D:3)
  2 frilled lizards (D:1)
  8 goblins
  9 kobolds
  5 rats
70 creatures vanquished.

Notes
Turn   | Place    | Note
-------+----------+-------------------------------------------
     0 | D:1      | Gridlocked the Halfling Enchanter began the quest for the Orb.
     0 | D:1      | Reached XP level 1. HP: 11/11 MP: 3/3
   103 | D:1      | Reached XP level 2. HP: 17/17 MP: 2/4
   592 | D:1      | Reached XP level 3. HP: 21/21 MP: 5/5
  1531 | D:2      | Reached skill level 4 in Stealth
  1531 | D:2      | Reached XP level 4. HP: 11/27 MP: 6/6
  1804 | D:2      | Found an iron altar of Okawaru.
  3179 | D:4      | Reached XP level 5. HP: 17/31 MP: 7/7
  3226 | D:3      | HP: 2/46 [something (3)]
  3686 | D:3      | Found a white marble altar of Elyvilon.
  3841 | D:3      | Killed from afar by an orc priest

Vault maps used:
D:1:      minmay_arrival_solitary_statue, serial_bayou_ford_a
D:2:      okawaru_trees_2
D:3:      nicolae_overflow_crystal_walls, minmay_box_of_dots, uniq_robin
D:4:      temple_doors_e, serial_shops, kennysheep_little_box, first_bread

Skill      XL: |  1  2  3  4 |
---------------+-------------+-----
Short Blades   | 2 3 |  3.4
Stealth        | 4 |  4.7
Hexes          | 3 |  3.2
Dodging        | |  2.1
Spellcasting   | |  1.5

Action                   |  1- 3 |  4- 6 || total
-------------------------+-------+-------++-------
Melee: Dagger            |   149 |   289 ||   438
 Fire: Hunting sling     |     2 |    19 ||    21
Throw: Tomahawk          |     5 |       ||     5
 Cast: Corona            |     1 |       ||     1
  Use: Scroll            |       |     3 ||     3
       Potion            |       |     1 ||     1
 Stab: Sleeping          |     8 |     4 ||    12
       Distracted        |       |     1 ||     1
  Eat: Chunk             |     2 |     7 ||     9
Armor: Robe              |    26 |    85 ||   111
       Skin              |       |    28 ||    28
Dodge: Dodged            |    78 |   150 ||   228
Block: Buckler           |    27 |    52 ||    79
